 Dungeon Crawl Stone Soup version 0.31-a0-222-gefeffbb62a (webtiles) character file.

Game seed: 18377378429882863737

9347 qw the Skirmisher (level 11, -9/71 HPs)
             Began as a Gargoyle Hexslinger on July 4, 2023.
             Was a Priest of Okawaru.
             Mangled by a skeletal warrior
             ... wielding a +0 flail
              (21 damage)
             ... on level 11 of the Dungeon.
             The game lasted 00:03:53 (8802 turns).

qw the Skirmisher (Gargoyle Hexslinger)             Turns: 8802, Time: 00:03:53

Health: -9/71      AC: 21    Str: 11    XL:     11   Next: 45%
Magic:  14/14      EV: 21    Int: 15    God:    Okawaru [***...]
Gold:   171        SH:  0    Dex: 16    Spells: 11/12 levels left

rFire   + . .        d - +2 arbalest
rCold   . . .        (shield currently unavailable)
rNeg    + . .        p - +2 leather armour {rF+}
rPois   inf          o - +0 helmet
rElec   +            i - +1 cloak
rCorr   .            m - +1 pair of gloves
SInv    .            r - +0 pair of boots
Will    .....        n - amulet of the acrobat
Stlth   +++          g - +5 ring of evasion
HPRegen 0.31/turn    c - +4 ring of slaying {mikee}
MPRegen 0.14/turn

%: acrobat
@: about to teleport, heroic, slowed, very slow
A: sickness immunity, AC +8, negative energy resistance 1, electricity
resistance, torment resistance 1, petrification resistance
a: Renounce Religion, Heroism


You were on level 11 of the Dungeon.
You worshipped Okawaru.
Okawaru was most pleased with you.
You visited 2 branches of the dungeon, and saw 12 of its levels.
You also visited: Ossuary.

You collected 473 gold pieces.
You spent 302 gold pieces at shops.


Innate Abilities, Weirdness & Mutations

You are immune to sickness and miasma.
Your stone body is resilient. (AC +8)
You are immune to poison.
You resist negative energy. (rN+)
You are resistant to electric shocks. (rElec)
You are resistant to unholy torment.
You are immune to petrification.


   Skills:
 - Level 9.0(14.0) Fighting
 + Level 13.7(18.7) Ranged Weapons
 - Level 4.4(9.4) Armour
 - Level 4.1(9.1) Dodging
 - Level 1.0 Spellcasting
 - Level 2.6 Hexes
 - Level 4.1 Invocations


You had 11 spell levels left.
You knew the following spells:

 Your Spells              Type           Power      Damage    Failure   Level
a - Slow                  Hex            32%        N/A       10%         1

Your spell library contained the following spells:

 Spells                   Type           Power      Damage    Failure   Level
 Inner Flame              Hex/Fire       4%         N/A       45%         3
 Portal Projectile        Hex/Tloc       8%         N/A       45%         3
 Cause Fear               Hex            4%         N/A       69%         4

Inventory:

Hand Weapons
 d - a +2 arbalest (weapon)
Armour
 i - a +1 cloak (worn)
 m - a +1 pair of gloves (worn)
 o - a +0 helmet (worn)
 p - a +2 leather armour of fire resistance (worn)
 q - +0 steam dragon scales
 r - a +0 pair of boots (worn)
Jewellery
 c - a +4 ring of slaying (right hand) {mikee}
 g - a +5 ring of evasion (left hand)
 j - a ring of fire
 l - a ring of protection from fire
 n - an amulet of the acrobat (around neck)
Wands
 k - a wand of digging (3)
Scrolls
 a - 8 scrolls of identify
 e - 5 scrolls of teleportation
Potions
 b - 2 potions of cancellation
 f - 5 potions of curing
 h - 2 potions of heal wounds
 s - a potion of might

Dungeon Overview and Level Annotations

Branches:
Dungeon (11/15)            Temple (1/1) D:6         Ossuary (visited)
   Lair: D:8-11         Orc: D:9-12

Altars:
Ashenzari
Cheibriados
Dithmenos
Elyvilon
Fedhas
Gozag
Hepliaklqana
Kikubaaqudgha
Makhleb
Nemelex Xobeh
Okawaru
Qazlal
Ru
Sif Muna
Trog
Uskayaw
Vehumet
Wu Jian
Xom
Yredelemnul
Zin
The Shining One

Shops:
D:2 ?   D:8 *

Annotations:
D:4 2 transporters
D:6 1 runed translucent door, Crazy Yiuf


Message History

The wraith hits you but does no damage. The wraith barely misses you.
You shoot a bolt. The bolt hits the wraith!!
The wraith is almost destroyed.
The flying skull hits you but does no damage. x2
The wraith completely misses you. The wraith closely misses you.
You shoot a bolt. The bolt hits the wraith!
You destroy the wraith!
Okawaru accepts your kill. The flying skull closely misses you.
The flying skull hits you but does no damage.
The flying skull misses you.
You shoot a bolt. The bolt hits the skeletal warrior!!
The skeletal warrior is moderately damaged.
The flying skull hits you but does no damage.
The skeletal warrior misses you. The flying skull completely misses you.
The skeletal warrior barely misses you.
You shoot a bolt. The bolt hits the skeletal warrior!!
The skeletal warrior is severely damaged.
The flying skull misses you. The flying skull hits you.
The skeletal warrior hits you but does no damage.
The flying skull hits you but does no damage.
A shadow comes into view.
You shoot a bolt. The bolt hits the skeletal warrior.
The skeletal warrior is severely damaged.
The flying skull barely misses you.
The skeletal warrior hits you but does no damage.
The flying skull hits you! The skeletal warrior misses you.
You shoot a bolt.
The bolt closely misses the skeletal warrior.
The flying skull closely misses you. The flying skull completely misses you.
The shadow slips into darkness.
The shadow flickers and vanishes!
Deactivating autopickup; reactivate with Ctrl-A.
The skeletal warrior hits you with a +0 flail!
8802 ||| READING 6 scrolls of teleportation.
As you read the scroll of teleportation, it crumbles to dust.
You feel strangely unstable. The flying skull hits you.
The skeletal warrior hits you with a +0 flail!!
You die... #..# #..# #..# #..### #.ZZZ

.. #ZW{ ..< ###zz#
...##.#.@# ......#..#
......#..# .........#
####...###### #####
...##...##...########..##
...................#[).#.
..............<....#...#.
...................#...#.


You could see a skeletal warrior, a wraith, a flying skull, a centaur warrior
zombie, a howler monkey zombie and 2 centaur warrior skeletons.

Vanquished Creatures
  Fannar (D:11)
  A two-headed ogre (D:10)
  Pikel (D:6)
  Maurice (D:8)
  3 trolls
  A hornet (D:8)
  Grinder (D:6)
  2 flying skulls (D:11)
  7 yaks
  4 wraiths
  Menkaure (D:4)
  A steam dragon (D:8)
  2 water moccasins
  Duvessa (D:7)
  2 sky beasts
  2 black bears
  An ice beast (D:7)
  3 orc warriors (D:10)
  2 ogres
  A centaur (D:9)
  A lemure (D:6)
  A phantom (D:5)
  A kobold brigand (D:8)
  4 bullfrogs
  A gnoll sergeant (D:10)
  Blork the orc (D:4)
  7 scorpions
  7 wights
  Dowan (D:7)
  13 killer bees
  An oklob sapling (D:6)
  2 howler monkeys (D:10)
  2 hounds
  A gnoll bouda (D:5)
  A jelly (D:6)
  6 iguanas
  2 orc wizards
  Ijyb (D:3)
  Robin (D:3)
  16 gnolls
  18 adders
  2 river rats (D:6)
  2 shadow imps (D:7)
  3 white imps
  An ufetubus (D:7)
  An adder zombie (Ossuary)
  2 worms (D:4)
  3 dart slugs
  17 orcs
  12 ball pythons
  7 endoplasms
  7 giant cockroaches
  10 goblins
  10 hobgoblins
  6 jackals
  6 quokkas
  A ball python skeleton (Ossuary)
  7 bats
  4 frilled lizards
  2 hobgoblin skeletons (Ossuary)
  14 kobolds
  2 orc skeletons (Ossuary)
  3 orc zombies (Ossuary)
  3 rats
251 creatures vanquished.

Notes
Turn   | Place    | Note
-------+----------+-------------------------------------------
     0 | D:1      | qw the Gargoyle Hexslinger began the quest for the Orb.
     0 | D:1      | Reached XP level 1. HP: 12/12 MP: 2/2
     0 | D:1      | 0 ||| qw: Version: 0.3-a-46-gb1f654a
     0 | D:1      | 0 ||| qw: Game counter: 924
     0 | D:1      | 0 ||| qw: Melee chars always use a shield: true
     0 | D:1      | 0 ||| qw: God list: Okawaru
     0 | D:1      | 0 ||| qw: Allow faded altars: false
     0 | D:1      | 0 ||| qw: Do Orc after clearing Dungeon:15 true
     0 | D:1      | 0 ||| qw: Do second Lair branch before Depths: true
     0 | D:1      | 0 ||| qw: Lair rune preference: random
     0 | D:1      | 0 ||| qw: Goals: Normal
     0 | D:1      | 0 ||| PLANNING D:1-11
    78 | D:1      | Reached XP level 2. HP: 12/16 MP: 3/3
   239 | D:1      | Reached skill level 3 in Ranged Weapons
   502 | D:1      | Reached XP level 3. HP: 21/21 MP: 4/4
   614 | D:1      | 614 ||| UPGRADING to +0 leather armour.
   624 | D:1      | 624 ||| DROPPING +0 robe.
   625 | D:1      | 625 ||| UPGRADING to +0 ring mail.
   635 | D:1      | 635 ||| DROPPING +0 leather armour.
   636 | D:1      | 636 ||| UPGRADING to +0 pair of gloves.
   641 | D:1      | 641 ||| DROPPING +6 ring of intelligence.
   642 | D:1      | 642 ||| READING scroll labelled ZELUCO OSCHO.
   643 | D:1      | 643 ||| READING 2 scrolls labelled USO NAUFRO.
   644 | D:1      | 644 ||| READING scroll labelled FAHOTR SIEPA.
   645 | D:1      | 645 ||| READING scroll labelled KOIBLIKHL VONECK.
   646 | D:1      | 646 ||| DROPPING scroll of poison.
   647 | D:1      | 647 ||| DROPPING scroll of revelation.
   772 | D:2      | Identified the +1 mace of a bailey {flame, *Rage rPois
                  | Str+3}
   778 | D:2      | Reached skill level 1 in Armour
   921 | D:2      | Reached XP level 4. HP: 25/26 MP: 5/5
  1121 | D:2      | Reached skill level 4 in Ranged Weapons
  1429 | D:2      | Found The Oracle's Delphic Readings.
  1435 | D:2      | 1435 ||| BUYING scroll of identify (28 gold).
  1435 | D:2      | Bought a scroll of identify for 28 gold pieces
  1435 | D:2      | 1435 ||| BUYING scroll of teleportation (42 gold).
  1435 | D:2      | Bought a scroll of teleportation for 42 gold pieces
  1524 | D:2      | 1524 ||| UPGRADING to +4 ring of slaying {mikee}.
  1525 | D:2      | 1525 ||| DRINKING 2 fizzy ruby potions.
  1526 | D:2      | 1526 ||| DRINKING 2 fizzy sapphire potions.
  1527 | D:2      | 1527 ||| READING 2 scrolls of identify.
  1527 | D:2      | 1527 ||| IDENTIFYING fizzy pink potion
  1528 | D:2      | 1528 ||| DROPPING potion of attraction.
  1589 | D:3      | Found an ancient bone altar of Kikubaaqudgha.
  1698 | D:3      | Reached XP level 5. HP: 30/30 MP: 6/6
  1768 | D:3      | Noticed a black bear
  1772 | D:3      | Killed a black bear
  1773 | D:3      | Reached skill level 5 in Ranged Weapons
  1837 | D:3      | Noticed Robin
  1848 | D:3      | Killed Robin
  1849 | D:3      | Reached XP level 6. HP: 24/36 MP: 7/7
  2035 | D:3      | Found a faded altar of an unknown god.
  2232 | D:3      | Noticed Ijyb
  2236 | D:3      | 2236 ||| DRINKING 3 potions of curing.
  2236 | D:3      | 2236 ||| (to cure confusion)
  2237 | D:3      | 2237 ||| DRINKING 2 potions of curing.
  2237 | D:3      | 2237 ||| (to cure confusion)
  2238 | D:3      | Killed Ijyb
  2239 | D:3      | Reached skill level 3 in Fighting
  2306 | D:3      | 2306 ||| UPGRADING to +0 helmet.
  2311 | D:3      | 2311 ||| READING scroll labelled CIEBULUTHE.
  2312 | D:3      | 2312 ||| READING scroll labelled ZEW PUIVAD UTH.
  2413 | D:3      | 2413 ||| DRINKING 2 fizzy golden potions.
  2414 | D:3      | 2414 ||| DRINKING 2 golden potions.
  2415 | D:3      | 2415 ||| READING 3 scrolls of identify.
  2415 | D:3      | 2415 ||| IDENTIFYING dark potion
  2416 | D:3      | 2416 ||| READING 2 scrolls of identify.
  2416 | D:3      | 2416 ||| IDENTIFYING glowing inky potion
  2417 | D:3      | 2417 ||| DROPPING potion of degeneration.
  2418 | D:3      | 2418 ||| DROPPING potion of lignification.
  2419 | D:3      | 2419 ||| DROPPING potion of brilliance.
  2427 | D:4      | Found a transporter.
  2432 | D:4      | Noticed a black bear
  2440 | D:4      | Killed a black bear
  2441 | D:4      | Reached skill level 6 in Ranged Weapons
  2448 | D:4      | Reached XP level 7. HP: 32/43 MP: 8/8
  2508 | D:4      | Noticed Blork the orc
  2517 | D:4      | Killed Blork the orc
  2631 | D:4      | Found a blossoming altar of Fedhas.
  2631 | D:4      | Noticed Menkaure
  2653 | D:4      | Found a transporter.
  2714 | D:4      | Reached skill level 7 in Ranged Weapons
  2781 | D:4      | Found a burning altar of Makhleb.
  2866 | D:4      | Found a snail-covered altar of Cheibriados.
  2945 | D:4      | 2945 ||| UPGRADING to ring of willpower.
  2959 | D:5      | Entered Level 5 of the Dungeon
  3021 | D:5      | Reached XP level 8. HP: 41/48 MP: 9/9
  3057 | D:5      | Found a sparkling altar of Nemelex Xobeh.
  3170 | D:5      | 3170 ||| READING 3 scrolls labelled LARCHERH SIWUOP.
  3171 | D:5      | 3171 ||| DROPPING 2 scrolls of fog.
  3177 | D:5      | 3177 ||| STAIRDANCE
  3181 | D:5      | 3181 ||| STAIRDANCE
  3185 | D:5      | 3185 ||| STAIRDANCE
  3189 | D:5      | 3189 ||| STAIRDANCE
  3193 | D:5      | 3193 ||| STAIRDANCE
  3197 | D:5      | 3197 ||| STAIRDANCE
  3201 | D:5      | 3201 ||| STAIRDANCE
  3205 | D:5      | 3205 ||| STAIRDANCE
  3209 | D:5      | 3209 ||| STAIRDANCE
  3213 | D:5      | 3213 ||| STAIRDANCE
  3217 | D:5      | 3217 ||| STAIRDANCE
  3221 | D:5      | 3221 ||| STAIRDANCE
  3225 | D:5      | 3225 ||| STAIRDANCE
  3229 | D:5      | 3229 ||| STAIRDANCE
  3233 | D:5      | 3233 ||| STAIRDANCE
  3237 | D:5      | 3237 ||| STAIRDANCE
  3241 | D:5      | 3241 ||| STAIRDANCE
  3245 | D:5      | 3245 ||| STAIRDANCE
  3249 | D:5      | 3249 ||| STAIRDANCE
  3253 | D:5      | 3253 ||| STAIRDANCE
  3289 | D:5      | Reached skill level 8 in Ranged Weapons
  3310 | D:5      | 3310 ||| Stepping ~*~*~tactically~*~*~ (outnumbered).
  3312 | D:5      | 3312 ||| Stepping ~*~*~tactically~*~*~ (outnumbered).
  3314 | D:5      | 3314 ||| Stepping ~*~*~tactically~*~*~ (outnumbered).
  3467 | D:5      | Identified the +3 shortbow of Gipsazub {heavy, rF+}
  3469 | D:5      | 3469 ||| SWAPPING to +3 shortbow of Gipsazub {heavy, rF+}.
  3470 | D:5      | 3470 ||| DROPPING +2 sling of freezing.
  3520 | D:4      | Found an opulent altar of Gozag.
  3520 | D:4      | Found a hide-covered altar of Uskayaw.
  3524 | D:4      | Killed Menkaure
  3761 | D:6      | 3761 ||| PLANNING OSSUARY
  3872 | D:6      | Noticed Grinder
  3877 | D:6      | Reached skill level 9 in Ranged Weapons
  3884 | D:6      | 3884 ||| FLEEEEING.
  3885 | D:6      | 3885 ||| FLEEEEING.
  3891 | D:6      | 3891 ||| FLEEEEING.
  3892 | D:6      | 3892 ||| FLEEEEING.
  3893 | D:6      | 3893 ||| FLEEEEING.
  3908 | D:6      | 3908 ||| FLEEEEING.
  3909 | D:6      | 3909 ||| FLEEEEING.
  3910 | D:6      | 3910 ||| FLEEEEING.
  3911 | D:6      | 3911 ||| FLEEEEING.
  3912 | D:6      | 3912 ||| FLEEEEING.
  3913 | D:6      | 3913 ||| FLEEEEING.
  3914 | D:6      | 3914 ||| FLEEEEING.
  3915 | D:6      | 3915 ||| FLEEEEING.
  3916 | D:6      | 3916 ||| FLEEEEING.
  3917 | D:6      | 3917 ||| FLEEEEING.
  3921 | D:6      | 3921 ||| FLEEEEING.
  3927 | D:6      | Killed Grinder
  3928 | D:6      | Reached skill level 3 in Dodging
  3993 | D:6      | Reached XP level 9. HP: 43/55 MP: 10/10
  4064 | D:6      | Found a glowing drain.
  4113 | D:6      | Noticed Pikel
  4119 | D:6      | Killed Pikel
  4150 | D:6      | 4150 ||| Stepping ~*~*~tactically~*~*~ (outnumbered).
  4235 | D:6      | Found a sand-covered staircase.
  4236 | D:6      | 4236 ||| UPGRADING to +0 pair of boots.
  4241 | D:6      | 4241 ||| READING 3 scrolls labelled TORYUD ZAOLI.
  4242 | D:6      | 4242 ||| READING scroll labelled GESATU PAGUXUN.
  4243 | D:6      | 4243 ||| DROPPING 2 scrolls of vulnerability.
  4252 | Ossuary  | Entered an ossuary
  4299 | Ossuary  | Reached skill level 3 in Armour
  4358 | Ossuary  | 4358 ||| READING scroll of enchant armour.
  4358 | Ossuary  | 4358 ||| ENCHANTING +0 pair of gloves.
  4483 | Ossuary  | Reached skill level 10 in Ranged Weapons
  4517 | Ossuary  | 4517 ||| READING 2 scrolls of identify.
  4517 | Ossuary  | 4517 ||| IDENTIFYING grey potion
  4518 | Ossuary  | 4518 ||| DROPPING potion of ambrosia.
  4565 | Ossuary  | 4565 ||| RIP SEWER
  4566 | D:6      | 4566 ||| RIP SEWER
  4567 | D:6      | 4567 ||| PLANNING D:1-11
  4664 | D:6      | Found a runed translucent door.
  4665 | D:6      | Noticed Crazy Yiuf
  4716 | D:6      | Found a staircase to the Ecumenical Temple.
  4717 | D:6      | 4717 ||| PLANNING TEMPLE
  4805 | Temple   | Entered the Ecumenical Temple
  4837 | Temple   | 4837 ||| PLANNING OKAWARU WORSHIP
  5077 | Temple   | Became a worshipper of Warmaster Okawaru
  5078 | Temple   | 5078 ||| PLANNING D:1-11
  5652 | D:7      | 5652 ||| SWAPPING to +0 arbalest.
  5659 | D:7      | Reached skill level 11 in Ranged Weapons
  5659 | D:7      | 5659 ||| DROPPING +3 shortbow of Gipsazub {heavy, rF+}.
  5660 | D:7      | 5660 ||| READING 2 scrolls of enchant weapon.
  5660 | D:7      | 5660 ||| ENCHANTING +0 arbalest.
  5661 | D:7      | 5661 ||| READING scroll of enchant weapon.
  5661 | D:7      | 5661 ||| ENCHANTING +1 arbalest.
  5720 | D:7      | Reached XP level 10. HP: 57/64 MP: 11/11
  5810 | D:7      | Noticed Duvessa
  5810 | D:7      | Noticed Dowan
  5817 | D:7      | Killed Duvessa
  5822 | D:7      | Killed Dowan
  5945 | D:7      | Reached * piety under Okawaru
  6107 | D:7      | 6107 ||| UPGRADING to +2 leather armour of fire resistance.
  6117 | D:7      | 6117 ||| DROPPING +0 ring mail.
  6118 | D:7      | 6118 ||| UPGRADING to ring of protection from cold.
  6120 | D:7      | 6120 ||| READING scroll labelled FUSHRUES IPUPH.
  6226 | D:8      | Reached skill level 1 in Invocations
  6379 | D:8      | Found Saalotusyig's Assorted Antiques.
  6383 | D:8      | 6383 ||| BUYING 3 scrolls of identify (174 gold).
  6383 | D:8      | Bought 3 scrolls of identify for 174 gold pieces
  6383 | D:8      | 6383 ||| SHOPLISTING ebony arbalest (275 gold, have 73).
  6383 | D:8      | 6383 ||| BUYING scroll of identify (58 gold).
  6383 | D:8      | Bought a scroll of identify for 58 gold pieces
  6383 | D:8      | 6383 ||| SHOPLISTING scroll of teleportation (87 gold, have
                  | 15).
  6503 | D:8      | Noticed Maurice
  6514 | D:8      | Reached skill level 3 in Invocations
  6526 | D:8      | Killed Maurice
  6526 | D:8      | Reached ** piety under Okawaru
  6620 | D:8      | 6620 ||| INVOKING Heroism.
  6694 | D:8      | 6694 ||| UPGRADING to +1 cloak.
  6699 | D:8      | 6699 ||| UPGRADING to +5 ring of evasion.
  6701 | D:8      | 6701 ||| DROPPING ring of willpower.
  6702 | D:8      | 6702 ||| DROPPING ring of resist corrosion.
  6703 | D:8      | 6703 ||| UPGRADING to +4 ring of slaying {mikee}.
  6705 | D:8      | 6705 ||| DROPPING ring of protection from cold.
  6761 | D:9      | 6761 ||| FLEEEEING.
  6762 | D:9      | 6762 ||| STAIRDANCE
  6774 | D:9      | 6774 ||| STAIRDANCE
  6778 | D:8      | Reached skill level 12 in Ranged Weapons
  6780 | D:8      | 6780 ||| INVOKING Heroism.
  6932 | D:9      | 6932 ||| INVOKING Heroism.
  7112 | D:9      | 7112 ||| INVOKING Heroism.
  7571 | D:9      | 7571 ||| DROPPING ring of positive energy.
  7572 | D:9      | 7572 ||| READING 9 scrolls of identify.
  7572 | D:9      | 7572 ||| IDENTIFYING murky white potion
  7592 | D:10     | Entered Level 10 of the Dungeon
  7740 | D:10     | Found a flagged portal.
  7753 | D:10     | 7753 ||| INVOKING Heroism.
  7801 | D:10     | 7801 ||| INVOKING Heroism.
  7808 | D:10     | Reached skill level 13 in Ranged Weapons
  7808 | D:10     | Reached XP level 11. HP: 62/68 MP: 11/14
  7812 | D:10     | Identified the +0 chain mail "Ahigrude" {-Tele Fly SInv}
  7986 | D:10     | Noticed a two-headed ogre
  7988 | D:10     | 7988 ||| INVOKING Heroism.
  7992 | D:10     | Killed a two-headed ogre
  7993 | D:10     | Reached skill level 9 in Fighting
  8018 | D:10     | Reached *** piety under Okawaru
  8164 | D:10     | Found a bloodstained altar of Trog.
  8165 | D:10     | 8165 ||| INVOKING Heroism.
  8500 | D:10     | 8500 ||| UPGRADING to amulet of the acrobat.
  8544 | D:11     | Noticed Fannar
  8558 | D:11     | 8558 ||| INVOKING Heroism.
  8561 | D:11     | Killed Fannar
  8791 | D:11     | 8791 ||| INVOKING Heroism.
  8792 | D:11     | Identified the ring "Tikh" {Int+6 Dex+2}
  8792 | D:11     | Noticed a skeletal warrior
  8801 | D:11     | HP: 16/71 [skeletal warrior/+0 flail (12)]
  8802 | D:11     | 8802 ||| READING 6 scrolls of teleportation.
  8802 | D:11     | Mangled by a skeletal warrior

Levels and vault maps discovered:
D:1:      roderic_dead_forest, layout_basic
D:2:      layout_basic, nicolae_nh_oracle_at_delphi
D:3:      minmay_diamond_boxcup, layout_loops_ring,
          nicolae_kikubaaqudgha_miasma_corner, chequers_ecumenical_altar_simple,
          uniq_robin, uniq_ijyb
D:4:      gammafunk_cloud_chamber, layout_cave_pools,
          nicolae_overflow_hidden_temple, uniq_menkaure, uniq_blork_the_orc
D:5:      layout_basic, nemelex_diamond_rough_becter
D:6:      layout_cave_pods, minmay_temple_entry_oklob, gup_sewer_entry_bubbles,
          nicolae_ossuary_entry_ruins, uniq_grinder, uniq_pikel,
          uniq_crazy_yiuf_cottage
D:7:      layout_rooms, uniq_duvessa
D:8:      layout_rooms, serial_shops, shop, uniq_maurice
D:9:      layout_loops_ring
D:10:     layout_loops_ring, trog_butcher_becter, enter_bailey_8,
          minmay_misc_feat_doors
D:11:     hangedman_screamer, layout_gridville, david_lair_shrubbed, uniq_fannar
Temple:   minmay_temple_curvy_branch

Skill      XL: |  1  2  3  4  5  6  7  8  9 10 11 |
---------------+----------------------------------+-----
Ranged Weapons | 3 4 5 6 7 9 11 13 | 13.7
Fighting       | 2 4 5 7 8 9 |  9.0
Armour         | 1 2 3 4 |  4.4
Dodging        | 3 4 |  4.1
Invocations    | 4 |  4.1
Spellcasting   | |  1.0
Hexes          | |  2.6

Action                     |  1- 3 |  4- 6 |  7- 9 | 10-12 || total
---------------------------+-------+-------+-------+-------++-------
   Fire: Sling             |   128 |   134 |   116 |       ||   378
         Shortbow          |       |       |   155 |       ||   155
         Arbalest          |       |       |    16 |   233 ||   249
 Invoke: Heroism           |       |       |       |    10 ||    10
    Use: Scroll            |     4 |     5 |     7 |     3 ||    19
         Potion            |       |     6 |       |       ||     6
 Armour: Robe              |    18 |       |       |       ||    18
         Ring mail         |     6 |    59 |    92 |    11 ||   168
         Leather armour    |       |       |       |    53 ||    53
  Dodge: Dodged            |    30 |    80 |    93 |   128 ||   331

Table legend:
 A = Non-vault XP
 B = Vault XP
 C = Vault XP percentage of total XP
 D = Non-vault monster count
 E = Vault monster count
 F = Vault count percentage of total count
                 A         B        C        D         E       F
            +---------+---------+-------+---------+---------+-------
      Total |    8762 |    4591 |  34.4 |     193 |      57 |  22.8
            +---------+---------+-------+---------+---------+-------
        D:1 |      36 |       0 |   0.0 |      22 |       0 |   0.0
        D:2 |     112 |       2 |   1.8 |      27 |       2 |   6.9
        D:3 |     159 |      93 |  36.9 |       9 |      17 |  65.4
        D:4 |     616 |     262 |  29.8 |      24 |       2 |   7.7
        D:5 |     397 |       0 |   0.0 |      12 |       0 |   0.0
        D:6 |    1134 |    1023 |  47.4 |      29 |      11 |  27.5
        D:7 |     558 |     214 |  27.7 |      12 |       2 |  14.3
        D:8 |    1727 |     439 |  20.3 |      27 |       1 |   3.6
        D:9 |    1465 |       0 |   0.0 |       7 |       0 |   0.0
       D:10 |    1896 |     403 |  17.5 |      21 |       4 |  16.0
       D:11 |     662 |    1510 |  69.5 |       3 |       4 |  57.1
    Ossuary |       0 |     645 | 100.0 |       0 |      14 | 100.0
            +---------+---------+-------+---------+---------+-------
